 Dungeon Crawl Stone Soup version 0.28.0-49-g6dfe1f597d (webtiles) character file.

Game seed: 14056011357467720630

623 Zeld the Slasher (level 7, -9/52 HPs)
             Began as a Djinni Cinder Acolyte on May 14, 2022.
             Was an Elder of Ignis.
             Mangled by an ogre
             ... wielding a +0 giant club
              (18 damage)
             ... on level 5 of the Dungeon.
             The game lasted 00:03:55 (5873 turns).

Zeld the Slasher (Djinni Cinder Acolyte)            Turns: 5873, Time: 00:03:56

Health: -9/52      AC:  3    Str: 15    XL:     7   Next: 75%
Gold:   125        EV: 12    Int: 16    God:    Ignis [****..] SH:  0 Dex:  8

rFire   + + +      SeeInvis .   a - -1 falchion (flame)
rCold   x . .      Faith    .   (no shield)
rNeg    . . .      Spirit   .   b - +0 robe
rPois   ∞          Reflect  .   (no helmet)
rElec   .          Harm     .   h - +0 cloak
rCorr   .          Rampage  .   (no gloves)
Will    +....                   (boots unavailable)
Stlth   ++........              (no amulet)
HPRegen 0.17/turn               m - ring of willpower
MPRegen 0.00/turn               (no ring)

@: flying
A: sickness immunity, fire resistance 2, cold vulnerability 1, float, innate
caster, HP casting, extra vitality 1
a: Renounce Religion, Fiery Armour, Foxfire Swarm, Rising Flame


You were on level 5 of the Dungeon.
You worshipped Ignis.
Ignis was greatly pleased with you.
You visited 1 branch of the dungeon, and saw 5 of its levels.

You collected 125 gold pieces.

Inventory:

Hand Weapons
 a - a -1 falchion of flaming (weapon)
Armour
 b - a +0 robe (worn)
 h - a +0 cloak (worn)
Jewellery
 m - a ring of willpower (left hand)
Wands
 u - a wand of acid (15)
Scrolls
 c - a scroll of magic mapping {unknown}
 d - 9 scrolls of identify {unknown}
 f - a scroll of fear {unknown}
 g - 2 scrolls of vulnerability {unknown}
 i - a scroll of torment {unknown}
 k - a scroll of noise {unknown}
 n - a scroll of amnesia {unknown}
 q - 2 scrolls of enchant armour {unknown}
Potions
 e - a potion of brilliance {unknown}
 j - a potion of mutation {unknown}
 l - a potion of degeneration {unknown}
 o - a potion of magic {unknown}
 p - a potion of berserk rage {unknown}
 r - a potion of curing {unknown}
 s - a potion of cancellation {unknown}
 t - 2 potions of haste {unknown}
 v - a potion of attraction {unknown}


   Skills:
 + Level 4.2 Fighting
 * Level 4.8 Long Blades
 + Level 2.9 Dodging
 + Level 2.5 Stealth
 + Level 3.3 Spellcasting
 * Level 1.9 Evocations


You had 4 spell levels left.
You knew the following spells:

 Your Spells              Type           Power      Damage    Failure   Level
a - Scorch                Fire           26%        2d6       7%          2
b - Slow                  Hex            52%        N/A       4%          1
c - Searing Ray           Conj           26%        2d5       7%          2
d - Frozen Ramparts       Ice            26%        1d4       14%         3
Your spell library was empty.

Dungeon Overview and Level Annotations

Branches:
Dungeon (5/15)
 Temple: D:4-7

Altars:
Gozag


Innate Abilities, Weirdness & Mutations

You are immune to sickness and miasma.
You are immune to poison.
Your flesh is very heat resistant. (rF++)
You are vulnerable to cold. (rC-)
You float through the air rather than walking.
You learn spells naturally, not from books.
Your magical power is your life essence.
You have superior vitality. (+4 MHP)


Message History

You barely miss the ogre.
The ogre is lightly wounded.
You hit the ogre but do no damage.
The ogre is lightly wounded.
The ogre closely misses you.
You slash the ogre! You burn the ogre.
The ogre is heavily wounded.
The ogre barely misses you.
You hit the ogre. You burn the ogre.
The ogre is severely wounded.
The ogre hits you with a +0 giant club!
You are too injured to fight recklessly!
You are too injured to fight recklessly!
You are too injured to fight recklessly!
You barely miss the ogre.
The ogre is severely wounded.
The ogre barely misses you.
You hit the ogre. You burn the ogre.
The ogre is almost dead.
The ogre hits you with a +0 giant club!
* * * LOW HITPOINT WARNING * * *
Unknown command.
You barely miss the ogre.
The ogre is almost dead.
Unknown command.
The wight closely misses you. The wight barely misses you.
Things that are here:
a +0 hunting sling; a +0 robe; a +0 hand axe
Things that are here:
a +0 robe; a +0 halberd; an adder skeleton
Press: ? - help, v - describe, . - travel
Here: an ogre, wielding a +0 giant club (almost dead)
The floor.
Casting: Frozen Ramparts (dangerous; 14% risk of failure)
Confirm with . or Enter, or press ? or * to list all spells.
Flames lash the wight but do no damage.
* * * LOW HITPOINT WARNING * * *
The ogre hits you with a +0 giant club!!
You die...

............# #.#
#.#.#.#.#.#.##### #.###
........##..##..## #.##.
.......?....##....###....
...........##...##........
...........z...#######.....
............##[...# #......
...........O##)##.####.#....
#.........@##z##......###.#
#..........#.#######......
#.............## #.##... .
#..............## #.# .#.
...##......$##.#...####.##...
...../>......................
..#......#..####............
.....#....##....###......(...
............###.....#.##.....


You could see an ogre and a wight.

Vanquished Creatures
  A sky beast (D:4)
  A black bear (D:5)
  A necrophage (D:4)
  2 wights (D:5)
  Jessica (D:3)
  A centaur skeleton (D:5)
  2 iguanas
  7 adders
  An ufetubus (D:4)
  2 adder skeletons (D:4)
  2 worms
  4 dart slugs
  6 orcs (D:3)
  8 ball pythons
  6 bats
  9 endoplasms
  4 giant cockroaches
  7 goblins
  4 hobgoblins
  2 jackals (D:4)
  8 quokkas
  3 frilled lizards
  A jackal skeleton (D:4)
  5 kobolds (D:2)
  7 rats
95 creatures vanquished.

Vanquished Creatures (others)
  7 foxfires (D:5)
7 creatures vanquished.

Grand Total: 102 creatures vanquished

Notes
Turn   | Place    | Note
-------+----------+-------------------------------------------
     0 | D:1      | Zeld the Djinni Cinder Acolyte began the quest for the Orb.
     0 | D:1      | Reached XP level 1. HP: 20/20 MP: 0/0
    98 | D:1      | Reached XP level 2. HP: 8/25 MP: 0/0
   763 | D:1      | Reached XP level 3. HP: 28/30 MP: 0/0
   763 | D:1      | Learned a level 1 spell: Slow
  1049 | D:2      | Found a faded altar of an unknown god.
  1068 | D:2      | Reached skill level 1 in Dodging
  1494 | D:2      | Reached skill level 1 in Stealth
  1731 | D:2      | Reached XP level 4. HP: 24/35 MP: 0/0
  2046 | D:2      | Found an opulent altar of Gozag.
  2813 | D:3      | Reached XP level 5. HP: 37/40 MP: 0/0
  2813 | D:3      | Learned a level 2 spell: Searing Ray
  3022 | D:3      | Noticed Jessica
  3036 | D:3      | Killed Jessica
  3906 | D:4      | Noticed a necrophage
  3914 | D:4      | Killed a necrophage
  3915 | D:4      | Reached XP level 6. HP: 37/47 MP: 0/0
  4911 | D:5      | Entered Level 5 of the Dungeon
  5301 | D:5      | Noticed a black bear
  5307 | D:5      | Killed a black bear
  5308 | D:5      | Reached skill level 1 in Evocations
  5308 | D:5      | Reached XP level 7. HP: 48/52 MP: 0/0
  5308 | D:5      | Learned a level 3 spell: Frozen Ramparts
  5369 | D:5      | HP: 1/52 [wight/+0 trident (8)]
  5873 | D:5      | Mangled by an ogre

Illustrated notes

Levels and vault maps discovered:
D:1:      sevenhm_arrival_forest_fort_small_3, layout_basic
D:2:      minmay_angry_zag, layout_loops_ring, basic_altar,
          nicolae_ecumenical_pavilion, nrook_mini_vaults
D:3:      layout_basic, lightli_corner_chamber, uniq_jessica
D:4:      layout_cave_pods
D:5:      layout_rooms, st_stairs_13

Skill      XL: |  1  2  3  4  5  6 |
---------------+-------------------+-----
Long Blades    | 3 4 |  4.8
Dodging        | 1 2 |  2.9
Stealth        | 1 2 |  2.5
Spellcasting   | 3 |  3.3
Fighting       | 4 |  4.2
Evocations     | 1 |  1.9

Action                   |  1- 3 |  4- 6 |  7- 9 || total
-------------------------+-------+-------+-------++-------
Melee: Falchion          |    21 |    10 |    25 ||    56
 Cast: Scorch            |    32 |    84 |     1 ||   117
       Frozen Ramparts   |       |       |     1 ||     1
Invok: Fiery Armour      |       |     2 |     1 ||     3
       Foxfire Swarm     |       |       |     1 ||     1
Armor: Robe              |    10 |    13 |    17 ||    40
Dodge: Dodged            |    26 |    27 |    33 ||    86
